 Dungeon Crawl Stone Soup version 0.20.0-15-g7f486f2 (webtiles) character file.

88 JarielCorvus the Magician (level 4, 0/24 HPs)
             Began as a Deep Elf Wizard on June 22, 2017.
             Slain by Zaboh's ghost (2 damage)
             ... on level 4 of the Dungeon on June 23, 2017.
             The game lasted 00:10:34 (2879 turns).

JarielCorvus the Magician (Deep Elf Wizard)         Turns: 2879, Time: 00:10:35

Health: 0/24       AC:  3    Str:  2 (4)  XL:     4   Next: 29%
Magic:  1/14       EV: 12    Int: 24      God:
Gold:   302        SH:  0    Dex: 11 (13) Spells: 4/15 levels left

rFire    + . .     SeeInvis .   f - +3 dagger
rCold    + . .     Gourm    .   (no shield)
rNeg     . . .     Faith    .   a - +1 robe
rPois    +         Spirit   .   b - +0 hat
rElec    +         Reflect  .   k - scarf {rC+ rF+}
rCorr    .         Harm     .   (no gloves)
MR       .....                  (no boots)
Stlth    ++........             g - amulet of regeneration
Regen    0.5/turn               l - ring of poison resistance
MPRegen  0.2/turn               (no ring)

@: very slightly contaminated, drained
A: hooves 1, electricity resistance
a: no special abilities


You were on level 4 of the Dungeon.
You were hungry.

You visited 1 branch of the dungeon, and saw 4 of its levels.

You collected 302 gold pieces.

Inventory:

Hand Weapons
 f - a +3 dagger (weapon)
 m - a +2 dagger of speed
Armour
 a - a +1 robe (worn)
 b - a +0 hat (worn)
 k - a scarf of resistance (worn)
 q - the cursed +1 ring mail of Rationality {rF+ MR+ Int+3, unknown}
   (You found it on level 4 of the Dungeon)

   It affects your intelligence (+3).
   It protects you from fire.
   It affects your resistance to hostile enchantments.
   It has a curse placed upon it.
Jewellery
 g - an amulet of regeneration (around neck)
 l - a ring of poison resistance (left hand)
 n - a +3 amulet of reflection
Wands
 p - a wand of paralysis (14/24)
Scrolls
 j - a scroll of teleportation
 o - 2 scrolls of remove curse
Potions
 e - a potion of curing
Books
 c - a book of Minor Magic

   Spells                             Type                      Level
   a - Magic Dart                     Conjuration                  1
   b - Blink                          Translocation                2
   c - Call Imp                       Summoning                    2
   d - Slow                           Hexes                        2
   e - Conjure Flame                  Conjuration/Fire             3
   f - Mephitic Cloud                 Conjuration/Poison/Air       3
Comestibles
 d - 4 bread rations
 h - 3 royal jellies
 i - a meat ration


   Skills:
 - Level 2.4(1.8) Dodging
 - Level 2.4(1.8) Stealth
 * Level 6.1(5.4) Spellcasting
 + Level 3.0(2.4) Conjurations
 - Level 1.1(0.5) Summonings
 - Level 1.1(0.5) Translocations


You had 4 spell levels left.
You knew the following spells:

 Your Spells              Type           Power        Failure   Level  Hunger
a - Magic Dart            Conj           ###.         3%          1    None
b - Blink                 Tloc           N/A          11%         2    None
c - Call Imp              Summ           #.......     11%         2    None
d - Conjure Flame         Conj/Fire      ##......     16%         3    #......
e - Mephitic Cloud        Conj/Pois/Air  ##......     19%         3    #......


Dungeon Overview and Level Annotations

Branches:
Dungeon (4/15)
 Temple: D:4-7

Altars:
Ashenzari
Dithmenos
Fedhas
Okawaru
Ru
Trog
Xom
Yredelemnul
Zin
The Shining One

Annotations:
D:4 Zaboh's ghost, amateur HuBe


Innate Abilities, Weirdness & Mutations

You have large cloven feet.
You are resistant to electric shocks. (rElec)


Message History

Casting: Call Imp
Confirm with . or Enter, or press ? or * to list all spells.
A shadowy apparition takes form in the air.
Your shadow imp says, "I'm here!"
You swap places.
Zaboh's ghost ripples.
Your shadow imp closely misses Zaboh's ghost.
A puff of flame appears from out of thin air!
The puff of flame misses your shadow imp.
The puff of flame hits you! You resist.
Your shadow imp hits Zaboh's ghost.
Zaboh's ghost hits you!
You feel drained.
* * * LOW HITPOINT WARNING * * *
Your shadow imp hits Zaboh's ghost but does no damage.
Zaboh's ghost closely misses you.
Your shadow imp hits Zaboh's ghost but does no damage.
You closely miss something. You kick something.
Something hits you but does no damage. Zaboh's ghost hits you.
* * * LOW HITPOINT WARNING * * *
You feel drained.
You die...

##.##...
#..#..#
#####.##.#
#........#
#%.......#
#......[.#
#........#
#.....o..#
#...>.5@.#
#.....W..#
##########


You could see Zaboh's ghost, an orc and a friendly shadow imp.

Vanquished Creatures
  An adder (D:2)
  An ooze (D:3)
  A dart slug (D:2)
  5 leopard geckos
  An orc (D:4)
  2 giant cockroaches
  4 goblins (D:1)
  7 hobgoblins
  2 quokkas
  4 bats
  4 frilled lizards
  4 kobolds
  5 rats
41 creatures vanquished.

Vanquished Creatures (collateral kills)
  An orc wizard (D:4)
  A worker ant (D:4)
2 creatures vanquished.

Grand Total: 43 creatures vanquished

Notes
Turn   | Place    | Note
-------+----------+-------------------------------------------
     0 | D:1      | JarielCorvus the Deep Elf Wizard began the quest for the Orb.
     0 | D:1      | Reached XP level 1. HP: 10/10 MP: 7/7
   117 | D:1      | Reached XP level 2. HP: 15/15 MP: 6/9
   123 | D:1      | Learned a level 2 spell: Blink
   126 | D:1      | Learned a level 2 spell: Call Imp
   288 | D:1      | Reached skill level 5 in Spellcasting
   981 | D:1      | Gained mutation: You are resistant to electric shocks. (rElec) [potion of mutation]
   981 | D:1      | Gained mutation: You are resistant to hostile enchantments. (MR+) [potion of mutation]
  1043 | D:2      | Reached XP level 3. HP: 19/19 MP: 9/11
  1541 | D:2      | Lost mutation: You are resistant to hostile enchantments. (MR+) [potion of mutation]
  1541 | D:2      | Lost mutation: You are resistant to electric shocks. (rElec) [potion of mutation]
  1541 | D:2      | Gained mutation: You are resistant to electric shocks. (rElec) [potion of mutation]
  1541 | D:2      | Gained mutation: You have large cloven feet. [potion of mutation]
  1679 | D:2      | Found a shattered altar of Ashenzari.
  1686 | D:2      | Found a bloodstained altar of Trog.
  1686 | D:2      | Found a blossoming altar of Fedhas.
  1686 | D:2      | Found a glowing silver altar of Zin.
  1686 | D:2      | Found a glowing golden altar of the Shining One.
  1689 | D:2      | Found a shadowy altar of Dithmenos.
  1690 | D:2      | Found a sacrificial altar of Ru.
  1691 | D:2      | Found a shimmering altar of Xom.
  1817 | D:2      | Found an iron altar of Okawaru.
  1998 | D:2      | Learned a level 3 spell: Conjure Flame
  2002 | D:2      | Learned a level 3 spell: Mephitic Cloud
  2670 | D:3      | Found a basalt altar of Yredelemnul.
  2715 | D:4      | Noticed a phantom
  2846 | D:4      | Noticed Zaboh's ghost (amateur HuBe)
  2856 | D:4      | Reached XP level 4. HP: 21/24 MP: 4/13
  2860 | D:4      | Reached skill level 6 in Spellcasting
  2872 | D:4      | Got a heavily runed ring mail
  2879 | D:4      | Slain by Zaboh's ghost

Skill      XL: |  1  2  3  4 |
---------------+-------------+-----
Spellcasting   | 5 6 |  6.1
Conjurations   | 2 3 |  3.0
Dodging        | |  2.4
Stealth        | |  2.4
Summonings     | |  1.1
Translocations | |  1.1

Action                   |  1- 3 |  4- 6 || total
-------------------------+-------+-------++-------
Melee: Dagger            |     5 |     1 ||     6
       Kick              |       |     1 ||     1
 Cast: Magic Dart        |    98 |       ||    98
       Call Imp          |     1 |     1 ||     2
  Use: Scroll            |     6 |       ||     6
       Potion            |     5 |       ||     5
  Eat: Chunk             |     5 |       ||     5
Armor: Robe              |     3 |       ||     3
Dodge: Dodged            |    17 |     1 ||    18
Block: Other             |     1 |       ||     1
